 Dungeon Crawl Stone Soup version 0.31-a0-202-g547052bce9 (webtiles) character file.

Game seed: 12441215106866742422

35 qw the Shooter (level 3, -3/20 HPs)
             Began as a Deep Elf Hunter on June 26, 2023.
             Slain by Terence
             ... wielding a +0 hand axe
              (5 damage)
             ... on level 2 of the Dungeon.
             The game lasted 00:00:19 (728 turns).

qw the Shooter (Deep Elf Hunter)                     Turns: 728, Time: 00:00:20

Health: -3/20      AC:  6    Str: 10    XL:     3   Next: 17%
Magic:  5/5        EV:  9    Int: 13    God:
Gold:   69         SH:  0    Dex: 18    Spells: 2/2 levels left

rFire   . . .        Y - +0 shortbow
rCold   . . .        (shield currently unavailable)
rNeg    . . .        e - +0 scale mail
rPois   .            (no helmet)
rElec   .            (no cloak)
rCorr   .            (no gloves)
SInv    .            (no boots)
Will    .....        (no amulet)
Stlth   +            (no ring)
HPRegen 0.23/turn    (no ring)
MPRegen 0.09/turn

%: no passive effects
@: no status effects
A: no striking features
a: no special abilities


You were on level 2 of the Dungeon.
You visited 1 branch of the dungeon, and saw 2 of its levels.

You collected 69 gold pieces.


   Skills:
 - Level 1.5 Fighting
 + Level 6.8 Ranged Weapons
 - Level 2.4 Dodging
 - Level 1.2 Stealth


You had 2 spell levels left.
You didn't know any spells.
Your spell library was empty.

Inventory:

Hand Weapons
 Y - a +0 shortbow (weapon)
Armour
 e - a +0 scale mail (worn)
Scrolls
 c - a scroll of identify
 h - a scroll of acquirement {unknown}
Potions
 a - 2 potions of berserk rage {unknown}
 b - a potion of curing {unknown}
 d - a potion of attraction {unknown}
 f - a potion of cancellation {unknown}
 g - a potion of degeneration {unknown}
 i - a potion of mutation {unknown}
 j - a potion of brilliance {unknown}
 l - a potion of resistance

Dungeon Overview and Level Annotations

Branches:
Dungeon (2/15)

Altars:

Annotations:
D:2 Terence


Message History

You open the door.
There is an open door here.
You now have 57 gold pieces (gained 9).
You now have 69 gold pieces (gained 12).
You open the door.
A worm comes into view.
Enter note: You shoot an arrow.
The arrow hits the worm.
The worm is moderately wounded.
You shoot an arrow. The arrow hits the worm.
The worm is moderately wounded.
You shoot an arrow. The arrow barely misses the worm.
You shoot an arrow. The arrow hits the worm!
The worm is severely wounded.
You shoot an arrow. The arrow barely misses the worm.
You shoot an arrow. The arrow completely misses the worm.
You shoot an arrow.
The arrow hits the worm but does no damage.
The worm is heavily wounded.
You shoot an arrow. The arrow hits the worm!
You kill the worm!
Terence the Incautious comes into view.
He is wielding a +0 hand axe.
Terence shouts!
Terence moves out of view.
You shoot an arrow.
The arrow hits Terence but does no damage.
You shoot an arrow. The arrow hits Terence.
Terence is lightly wounded.
A rat comes into view.
Terence hits you with a +0 hand axe!
You shoot an arrow. The arrow barely misses Terence.
Terence hits you with a +0 hand axe.
You shoot an arrow. The arrow hits Terence.
Terence is moderately wounded.
Terence hits you with a +0 hand axe! Terence misses you.
You shoot an arrow.
The arrow hits Terence but does no damage.
Terence is moderately wounded.
Terence hits you with a +0 hand axe.
You die...

#...#...#....#
.........###.###...#####
......... #..(#.........
......>. ...#...#.......
...r... ..#...#.........
.......#########.#'#####
....... #.#.#
......@###### #.#.#####
#@....####.#.#..#.
#............#8.'.
#............#8.#.
#............####.
#.....####...#....
#.....# #........
#.....# #...#####
#.....# #...# #.....#
#...##+##


You could see Terence and a rat.

Vanquished Creatures
  A worm (D:2)
  2 dart slugs
  A ball python (D:1)
  2 endoplasms (D:1)
  3 giant cockroaches
  3 goblins (D:1)
  3 hobgoblins (D:1)
  2 quokkas
  3 bats (D:1)
  2 frilled lizards (D:1)
  4 rats
26 creatures vanquished.

Notes
Turn   | Place    | Note
-------+----------+-------------------------------------------
     0 | D:1      | qw the Deep Elf Hunter began the quest for the Orb.
     0 | D:1      | Reached XP level 1. HP: 12/12 MP: 3/3
     0 | D:1      | 0 ||| qw: Version: 0.3-a-22-g0ed2b0b
     0 | D:1      | 0 ||| qw: Game counter: 6092
     0 | D:1      | 0 ||| qw: Melee chars always use a shield: true
     0 | D:1      | 0 ||| qw: God list: Okawaru
     0 | D:1      | 0 ||| qw: Allow faded altars: false
     0 | D:1      | 0 ||| qw: Do Orc after clearing Dungeon:15 true
     0 | D:1      | 0 ||| qw: Do second Lair branch before Depths: true
     0 | D:1      | 0 ||| qw: Lair rune preference: random
     0 | D:1      | 0 ||| qw: Goals: Normal
     0 | D:1      | 0 ||| PLANNING D:1-11
   160 | D:1      | Reached skill level 6 in Ranged Weapons
   160 | D:1      | Reached XP level 2. HP: 16/16 MP: 4/4
   490 | D:1      | 490 ||| UPGRADING to +0 scale mail.
   500 | D:1      | 500 ||| DROPPING +0 leather armour.
   501 | D:1      | 501 ||| READING scroll labelled JARITE YKLAT.
   502 | D:1      | 502 ||| READING scroll labelled YCIYME JOFIOH.
   503 | D:1      | 503 ||| READING scroll labelled RONIAN SEPEJ.
   504 | D:1      | 504 ||| READING scroll labelled MUOT NIAPIMEZ.
   505 | D:1      | 505 ||| READING scroll labelled PEXACU TOIWE.
   508 | D:1      | 508 ||| DRINKING 2 fizzy silvery potions.
   509 | D:1      | 509 ||| DROPPING scroll of butterflies.
   632 | D:2      | Reached XP level 3. HP: 20/20 MP: 5/5
   722 | D:2      | Noticed Terence
   727 | D:2      | HP: 2/20 [Terence/+0 hand axe (8)]
   728 | D:2      | Slain by Terence

Levels and vault maps discovered:
D:1:      dpeg_arrival_boxes_within_box, layout_rooms
D:2:      layout_basic, shapermc_ecumenical_altar_mp_vishouse,
          minmay_misc_feat_four_crosses, uniq_terence

Skill      XL: |  1 |
---------------+----+-----
Ranged Weapons | 6 |  6.8
Fighting       | |  1.5
Dodging        | |  2.4
Stealth        | |  1.2

Action                     || total
---------------------------++-------
   Fire: Shortbow          ||    70
    Use: Scroll            ||     5
         Potion            ||     1
 Armour: Leather armour    ||     3
         Scale mail        ||     1
  Dodge: Dodged            ||    15

Table legend:
 A = Non-vault XP
 B = Vault XP
 C = Vault XP percentage of total XP
 D = Non-vault monster count
 E = Vault monster count
 F = Vault count percentage of total count
                 A         B        C        D         E       F
            +---------+---------+-------+---------+---------+-------
      Total |      51 |       0 |   0.0 |      26 |       0 |   0.0
            +---------+---------+-------+---------+---------+-------
        D:1 |      37 |       0 |   0.0 |      21 |       0 |   0.0
        D:2 |      14 |       0 |   0.0 |       5 |       0 |   0.0
            +---------+---------+-------+---------+---------+-------
